 Dungeon Crawl Stone Soup version 0.26-a0-58-g79b31b8662 (webtiles) character file.

Game seed: 7078834262210934266

391 sanka the Insei (level 6, 0/51 HPs)
             Began as a Draconian Monk on June 8, 2020.
             Was a Believer of Okawaru.
             Slain by Pikel
             ... wielding a +2 whip of electrocution
              (19 damage)
             ... on level 5 of the Dungeon.
             The game lasted 00:06:13 (4254 turns).

sanka the Insei (Draconian Monk)                    Turns: 4254, Time: 00:06:13

Health: 0/51       AC:  9    Str: 14    XL:     6   Next: 50%
Magic:  5/7        EV: 17    Int: 10    God:    Okawaru [**....]
Gold:   174        SH:  0    Dex: 15    Spells: 5/5 levels left

rFire    . . .     SeeInvis .     - Unarmed
rCold    . . .     Gourm    .   (no shield)
rNeg     . . .     Faith    .   (armour unavailable)
rPois    .         Spirit   .   (helmet restricted)
rElec    .         Reflect  .   n - +1 cloak
rCorr    .         Harm     .   l - +0 pair of gloves
MR       .....                  (no boots)
Stlth    +++.......             (no amulet)
HPRegen  0.17/turn              (no ring)
MPRegen  0.10/turn              (no ring)

@: heroism
A: unfitting armour, cold-blooded, AC +6
a: Heroism, Renounce Religion


You were on level 5 of the Dungeon.
You worshipped Okawaru.
Okawaru was pleased with you.
You were not hungry.

You visited 2 branches of the dungeon, and saw 6 of its levels.

You collected 174 gold pieces.


Innate Abilities, Weirdness & Mutations

Your plain brown scales are hard. (AC +6)
You cannot fit into any form of body armour.
You are cold-blooded and may be slowed by cold attacks.


   Skills:
 - Level 3.2(8.2) Fighting
 - Level 2.6(7.6) Dodging
 - Level 1.7(6.7) Stealth
 + Level 7.2(12.2) Unarmed Combat
 + Level 1.5 Invocations


You had 5 spell levels left.
You didn't know any spells.
Your spell library was empty.

Inventory:

Missiles
 c - 5 javelins
 f - 11 poisoned darts (quivered)
 k - 3 throwing nets {=f}
Armour
 l - a +0 pair of gloves (worn)
 n - a +1 cloak (worn)
Wands
 r - a wand of digging (5)
Scrolls
 g - a scroll of remove curse {unknown}
 i - 2 scrolls of fear {unknown}
 j - 4 scrolls of identify {unknown}
 o - 2 scrolls of teleportation {unknown}
 p - a scroll of amnesia {unknown}
 q - a scroll of random uselessness {unknown}
Potions
 b - a potion of degeneration {unknown}
 d - 3 potions of curing {unknown}
 e - a potion of cancellation {unknown}
 h - a potion of heal wounds {unknown}
 m - a potion of lignification {unknown}
Comestibles
 a - 6 rations
 s - 3 chunks of flesh

Dungeon Overview and Level Annotations

Branches:
Dungeon (5/15)             Temple (1/1) D:4

Altars:
Ashenzari
Cheibriados
Elyvilon
Fedhas
Gozag
Hepliaklqana
Makhleb
Nemelex Xobeh
Okawaru
Qazlal
Ru
Trog
Vehumet
Wu Jian
The Shining One

Annotations:
D:5 Pikel

▒........▒▒.▒ ▒▒>▒▒
▒▒.......▒▒▒.▒ ▒..▒
▒..(▒▒..▒▒▒▒.▒▒▒▒▒
▒▒▒▒..▒
.▒▒▒...▒▒.(..▒▒.....▒
▒......
.....▒.▒..........▒.▒
▒.▒▒▒▒.
..................▒.▒▒▒.▒
▒.
..▒.▒▒.▒........÷.▒.....▒
▒.
▒......▒▒▒▒▒▒▒▒▒...▒▒▒▒
▒. ▒▒▒▒.▒.pBKd.▒ ▒...▒ ▒.
▒<..p▒▒▒.▒ ▒.▒.▒ ▒.
▒....▒ .▒ ▒.▒.▒ ▒. ▒....▒
.. ..▒.. ▒..p.▒
h..▒▒▒▒▒▒▒ ▒.▒.▒▒ ...▒
▒.▒B▒ ...▒ !.▒.( ...▒
......


You could see Pikel, 2 slaves, a howler monkey and a worker ant.


Message History

You kill the slave!
That felt strangely unrewarding.
You closely miss the slave. The slave misses you.
You completely miss the slave. You hit the slave but do no damage.
The slave barely misses you.
You punch the slave!
The slave is severely wounded.
The slave closely misses you.
Pikel says, "Slavery isn't that bad."
You hit the slave.
The slave is severely wounded.
A howler monkey comes into view.
The slave closely misses you.
The howler monkey howls!
You punch the slave!
You kill the slave!
That felt strangely unrewarding.
You punch Pikel! You tail-slap Pikel, but do no damage.
Pikel is moderately wounded.
Pikel hits you with a +2 whip of electrocution!
* * * LOW HITPOINT WARNING * * *
You hit Pikel.
Pikel is heavily wounded.
Pikel hits you with a +2 whip of electrocution.
* * * LOW HITPOINT WARNING * * *
You are electrocuted!!
You die...

Action                   |  1- 3 |  4- 6 || total
-------------------------+-------+-------++-------
Melee: Unarmed           |   140 |   165 ||   305
       Tailslap          |    14 |    29 ||    43
       Punch             |     2 |     8 ||    10
Invok: Heroism           |       |     1 ||     1
 Stab: Sleeping          |     6 |     3 ||     9
  Eat: Chunk             |     2 |     9 ||    11
Armor: Skin              |    32 |    36 ||    68
Dodge: Dodged            |    98 |    99 ||   197

Levels and vault maps discovered:
D:1:      minmay_arrival_up_and_down, layout_basic
D:2:      layout_loops_corners, lemuel_altar_in_water
D:3:      layout_rooms, serial_curves, eino_curves_04, eino_curves_03
D:4:      layout_basic, bloody_makhleb, minmay_temple_entry_gardened_gates,
          uniq_ijyb
D:5:      layout_rooms, first_ration, nicolae_qazlal_style_of_elements,
          uniq_pikel
Temple:   nicolae_temple_great_sept

Notes
Turn   | Place    | Note
-------+----------+-------------------------------------------
     0 | D:1      | sanka the Draconian Monk began the quest for the Orb.
     0 | D:1      | Reached XP level 1. HP: 19/19 MP: 1/1
   180 | D:1      | Reached XP level 2. HP: 26/26 MP: 2/2
   509 | D:1      | Reached skill level 4 in Unarmed Combat
  1032 | D:2      | Reached XP level 3. HP: 31/31 MP: 3/3
  1234 | D:2      | Found a sparkling altar of Nemelex Xobeh.
  1421 | D:2      | Reached skill level 5 in Unarmed Combat
  1421 | D:2      | Reached XP level 4. HP: 38/38 MP: 4/4
  2243 | D:3      | Noticed a centaur
  2257 | D:3      | Killed a centaur
  2257 | D:3      | Reached skill level 6 in Unarmed Combat
  2257 | D:3      | Reached XP level 5. HP: 31/45 MP: 5/5
  3133 | D:4      | Reached skill level 7 in Unarmed Combat
  3133 | D:4      | Reached XP level 6. HP: 40/51 MP: 6/6
  3234 | D:4      | Found a staircase to the Ecumenical Temple.
  3248 | Temple   | Entered the Ecumenical Temple
  3317 | Temple   | Became a worshipper of Warmaster Okawaru
  3317 | Temple   | Reached * piety under Okawaru
  3317 | Temple   | Reached ** piety under Okawaru
  3329 | D:4      | Found a burning altar of Makhleb.
  3707 | D:4      | Noticed Ijyb
  3726 | D:4      | Killed Ijyb
  3726 | D:4      | Reached skill level 1 in Invocations
  4128 | D:5      | Entered Level 5 of the Dungeon
  4222 | D:5      | Noticed a slave
  4224 | D:5      | Noticed a slave
  4224 | D:5      | Noticed Pikel
  4226 | D:5      | Noticed a slave
  4238 | D:5      | Noticed a slave
  4246 | D:5      | Killed a slave
  4252 | D:5      | Killed a slave
  4254 | D:5      | Slain by Pikel

Vanquished Creatures
  2 slaves (D:5)
  A centaur (D:3)
  A howler monkey (D:4)
  A hound (D:4)
  Ijyb (D:4)
  A hound zombie (D:5)
  3 adders
  10 gnolls
  3 worms
  2 leopard geckos
  8 bats
  7 giant cockroaches
  7 goblins
  10 hobgoblins
  3 jackals (D:5)
  A quokka (D:4)
  4 frilled lizards
  5 kobolds
  A quokka skeleton (D:4)
  9 rats
80 creatures vanquished.
